 Dungeon Crawl Stone Soup version 0.24.1-5-g77f818bfca (webtiles) character file.

Game seed: 4226906472423660374, levelgen mode: deterministic

6 lepoulpe303 the Shooter (level 1, 0/17 HPs)
             Began as a Centaur Hunter on Apr 24, 2020.
             Slain by a frilled lizard (1 damage)
             ... on level 1 of the Dungeon.
             The game lasted 00:01:56 (255 turns).

lepoulpe303 the Shooter (Centaur Hunter)             Turns: 255, Time: 00:01:56

Health: 0/17       AC:  4    Str: 14    XL:     1   Next: 75%
Magic:  1/1        EV:  9    Int: 10    God:
Gold:   5          SH:  0    Dex:  9    Spells: 0/0 levels left

rFire    . . .     SeeInvis .   a - +0 short sword
rCold    . . .     Gourm    .   (no shield)
rNeg     . . .     Faith    .   c - +0 leather armour
rPois    .         Spirit   .   (no helmet)
rElec    .         Reflect  .   (no cloak)
rCorr    .         Harm     .   (no gloves)
MR       .....                  (no barding)
Stlth    +.........             (no amulet)
HPRegen  0.05/turn              (no ring)
MPRegen  0.07/turn              (no ring)

@: very quick
A: large, hooves 3, deformed body, speed 2, tough skin 3
a: no special abilities


You were on level 1 of the Dungeon.
You were not hungry.

You visited 1 branch of the dungeon, and saw 1 of its levels.

You collected 5 gold pieces.

Inventory:

Hand Weapons
 a - a +0 short sword (weapon)
 b - a +1 shortbow
Missiles
 g - 12 poisoned darts (quivered)
 Q - 20 arrows
Armour
 c - a +0 leather armour (worn)
Scrolls
 d - a scroll of teleportation {unknown}
Comestibles
 e - a ration
 f - 3 chunks of flesh


   Skills:
 * Level 2.2 Fighting
 * Level 5.5 Bows
 + Level 1.5 Dodging
 - Level 0.4 Stealth


You couldn't memorise any spells.
You didn't know any spells.
Your spell library was empty.

Dungeon Overview and Level Annotations

Branches:
Dungeon (1/15)

Altars:


Innate Abilities, Weirdness & Mutations

You have hooves in place of feet.
Armour fits poorly on your strangely shaped body.
You cover ground very quickly.
You have extremely tough skin. (AC +3)


Message History

Things that are here:
a +0 club; a hobgoblin skeleton You take 1 damage, and have 2/17 hp.
You barely miss the frilled lizard. The jackal bites you.
* * * LOW HITPOINT WARNING * * *
The frilled lizard barely misses you.
You take 1 damage, and have 1/17 hp.
You completely miss the frilled lizard.
The jackal bites you but does no damage.
The frilled lizard bites you but does no damage.
You hit the frilled lizard. The frilled lizard closely misses you.
The jackal bites you but does no damage.
The jackal closely misses you.
You closely miss the frilled lizard.
The jackal bites you but does no damage.
The jackal completely misses you.
The frilled lizard bites you but does no damage.
The jackal bites you but does no damage. x2
You closely miss the frilled lizard. The frilled lizard bites you.
You die...

############ ...(
#..h.......+ ....
#.##h####### ..(..
#.##.#### .....
#h##....# ......
#.###h#.# #(.....
#.###.###h#.###l......
#.....'l@h#hh.h..#
####.####'#+####.#
#.#.........# #
#.#..#.8.#..#.
#.....≈.≈.....
###.........##
#..#...#..#
#.........#
#.........#


You could see 3 jackals and a frilled lizard.

Levels and vault maps discovered:
D:1:      shiori_arrival_oz, layout_basic

Notes
Turn   | Place    | Note
-------+----------+-------------------------------------------
     0 | D:1      | lepoulpe303 the Centaur Hunter began the quest for the Orb.
     0 | D:1      | Reached XP level 1. HP: 17/17 MP: 1/1
     3 | D:1      | Identified a +0 short sword
    27 | D:1      | Identified a +0 club
   204 | D:1      | Identified a +0 club
   235 | D:1      | HP: 3/17 [jackal (3)]
   250 | D:1      | HP: 2/17 [frilled lizard (1)]
   255 | D:1      | Slain by a frilled lizard

Table legend:
 A = Turns spent in this place as a percentage of turns spent in the entire game.
 B = Non-inter-level travel turns spent in this place as a percentage of non-inter-level travel turns spent in the entire game.
 C = Inter-level travel turns spent in this place as a percentage of turns spent in this place.
 D = Turns resting spent in this place as a percentage of non-inter-level travel turns spent in this place.
 E = Turns spent auto-exploring this place as a percentage of non-inter-level travel turns spent in this place.
 F = Non-inter-level travel turns spent in this place divided by the number of levels of this place that you've seen.
                   A       B       C       D       E      F
               +-------+-------+-------+-------+-------+----------------------
         Total | 100.0 | 100.0 |   0.0 |  58.4 |   7.1 | 255.0
       Dungeon | 100.0 | 100.0 |   0.0 |  58.4 |   7.1 | 255.0
               +-------+-------+-------+-------+-------+----------------------

Table legend:
 A = Kills in this place as a percentage of kills in entire the game.
 B = Kills by you in this place as a percentage of kills by you in the entire game.
 C = Kills by friends in this place as a percentage of kills by friends in the entire game.
 D = Other kills in this place as a percentage of other kills in the entire game.
 E = Experience gained in this place as a percentage of experience gained in the entire game.
 F = Experience gained in this place divided by the number of levels of this place that you have seen.
                   A       B       C       D       E      F
               +-------+-------+-------+-------+-------+----------------------
         Total | 100.0 | 100.0 |   N/A |   N/A | 100.0 |   9.0
       Dungeon | 100.0 | 100.0 |   N/A |   N/A | 100.0 |   9.0
               +-------+-------+-------+-------+-------+----------------------

Action                   || total
-------------------------++-------
Melee: Short sword       ||    27
       Kick              ||     3
 Fire: Shortbow          ||     1
Throw: Dart              ||     3
Armor: Leather armour    ||    13
Dodge: Dodged            ||    14

Vanquished Creatures
  A dart slug (D:1)
  A hobgoblin (D:1)
  A jackal (D:1)
  A kobold (D:1)
4 creatures vanquished.
